 Dungeon Crawl Stone Soup version 0.17-a0-1738-g82cdc46 (webtiles) character file.

37 TuckyLangle the Sneak (level 3, -3/16 HPs)
             Began as a Spriggan Enchanter on Aug 30, 2015.
             Was an Initiate of Okawaru.
             Slain by a human (8 damage)
             ... on level 2 of the Dungeon.
             The game lasted 00:06:29 (1187 turns).

TuckyLangle the Sneak (Spriggan Enchanter)          Turns: 1187, Time: 00:06:29

Health: -3/16      AC:  5    Str:  4    XL:     3   Next: 23%
Magic:  2/9        EV: 18    Int: 16    God:    Okawaru [......]
Gold:   96         SH:  0    Dex: 17    Spells: 1 memorised, 7 levels left

rFire  . . .     SeeInvis +     a - +1 dagger
rCold  . . .     Clarity  .     b - +1 robe
rNeg   . . .     SustAt   .     (shield restricted)
rPois  .         Gourm    .     q - +2 hat
rElec  .         Spirit   .     (no cloak)
rCorr  .         Warding  .     (gloves unavailable)
rMut   .         Stasis   .     (boots unavailable)
MR     .....                    (no amulet)
Stlth  +++.......               (no ring)
                                (no ring)

@: very slightly contaminated, very quick, not resistant to hostile
enchantments, fairly stealthy
A: unfitting armour, see invisible, herbivore 3, speed 3, slow metabolism 2
a: Renounce Religion


You were on level 2 of the Dungeon.
You worshipped Okawaru.
Okawaru was noncommittal.
You were not hungry.

You visited 1 branch of the dungeon, and saw 2 of its levels.

You collected 96 gold pieces.

Inventory:

Hand weapons
 a - a +1 dagger (weapon)
 l - a +0 dagger
Armour
 b - a +1 robe (worn)
 q - a +2 hat (worn)
Jewellery
 h - an uncursed ring of protection from fire
Scrolls
 f - a scroll of immolation
 n - a scroll of identify
Potions
 j - a potion of agility {unknown}
 k - a potion of might {unknown}
 m - 2 potions of lignification {unknown}
 p - a potion of flight {unknown}
Books
 c - a book of Maledictions

   Spells                             Type                      Level
   a - Corona                         Hexes                        1
   b - Ensorcelled Hibernation        Hexes/Ice                    2
   c - Confuse                        Hexes                        3
   d - Tukima's Dance                 Hexes                        3
   e - Dazzling Spray                 Conjuration/Hexes            3
Comestibles
 d - a bread ration
 g - 3 fruits


   Skills:
 - Level 1.1 Short Blades
 - Level 3.0 Dodging
 - Level 4.5 Stealth
 + Level 3.9 Spellcasting
 + Level 4.3 Hexes


You had 7 spell levels left.
You knew the following spells:

 Your Spells              Type           Power        Failure   Level  Hunger
b - Ensorcelled Hibernat  Hex/Ice        ##....       12%         2    ##.....


Dungeon Overview and Level Annotations

Branches:
Dungeon (2/15)

Altars:
Okawaru
Yredelemnul


Innate Abilities, Weirdness & Mutations

You are tiny and cannot use many weapons and most armour.
You have supernaturally acute eyesight.
You are a herbivore.
You cover ground extremely quickly.
You need consume almost no food.


Message History

You puncture the human!
The human is heavily wounded.
The human misses you.
You hit the human.
The human is severely wounded.
The human hits you.
You closely miss the human.
The human is severely wounded.
The human hits you.
You miss the human.
The human is severely wounded.
The human misses you.
You closely miss the human.
The human is severely wounded.
The human hits you.
You completely miss the human.
The human is severely wounded.
The human hits you!
Ouch! That really hurt!
You die...

########## ###........#
#..........# #...###....#
#...#.#....# #@..#'#....#
#p.........######
#8.#####.8......# ******
####...###......# *,,,,*
#._.##.......# *,**,*
#...##.......# *,**,******
######.......#
**,**,**,,,**###**#####..(..###
*,,,*,,,,*,*,....,#.#....†#.####


You could see a human.

Vanquished Creatures
  An ooze (D:2)
  2 worms (D:2)
  3 bats (D:1)
  A giant cockroach (D:2)
  5 hobgoblins
  A quokka (D:2)
  A giant newt (D:1)
  3 goblins
  5 kobolds
  A kobold zombie (D:2)
  4 rats
27 creatures vanquished.

Notes
Turn   | Place    | Note
--------------------------------------------------------------
     0 | D:1      | TuckyLangle the Spriggan Enchanter began the quest for the Orb.
     0 | D:1      | Reached XP level 1. HP: 9/9 MP: 5/5
   448 | D:1      | Reached XP level 2. HP: 13/13 MP: 7/7
   488 | D:1      | Learned a level 2 spell: Ensorcelled Hibernation
   684 | D:2      | Found an iron altar of Okawaru.
   706 | D:2      | Became a worshipper of Warmaster Okawaru
   911 | D:2      | Reached XP level 3. HP: 8/16 MP: 1/9
  1104 | D:2      | Found a runed door.
  1104 | D:2      | Noticed a human
  1123 | D:2      | Found a basalt altar of Yredelemnul.
  1187 | D:2      | Slain by a human

Vault maps used:
D:1:      dpeg_arrival_windows_large_door, corexii_leaking_fountain,
          hangedman_decor_clover_reticule
D:2:      overflow_temple_1_default, dk_yredelemnul_ordeal

Action                   || total
-------------------------++-------
Melee: Dagger            ||    79
 Cast: Ensorcelled Hiber ||    11
  Use: Scroll            ||     6
 Stab: Sleeping          ||    17
